AoeStats
← Sex Machine 24cm

Arabia

510356638Analyzed
2v2 RM · 14h ago on Sep 30, 2026· 32m 13s· 4 players
Game mode
Random Map
Map size
Medium (4 player)
Population
200
Speed
Normal
Resources
Standard
Victory
Conquest
Starting age
Dark Age
Ending age
Imperial Age
RankedLock teamsTeams togetherTeam positionsShared explorationLock speedFull tech treeHidden civsTurbo modeCheats
Victory
Defeat
1243
+13
🇦🇷 Saxons · Argentina
1241
+13
🇨🇦 Varangians · Canada
1227
-15
🇬🇧 Romans · United Kingdom
1123
-11
Sex Machine 24cm
6:23 Loom
8:42 Feudal Age
9:37 Man-at-Arms
10:03 Man-at-Arms
13:37 Double-Bit Axe
13:35 Horse Collar
15:01 Arson
18:31 Wheelbarrow
23:26 Scale Mail Armor
24:24 Forging
27:18 Castle Age
27:33 Long Swordsman
27:59 Gambesons
28:32 Chain Mail Armor
32:13 Iron Casting
31:25 Pikeman
Risk-adjusted Return 96
9:15 Loom
11:47 Feudal Age
12:19 Double-Bit Axe
12:18 Horse Collar
16:45 Gold Mining
16:47 Fletching
22:50 Castle Age
21:35 Padded Archer Armor
21:43 Scale Mail Armor
23:29 Bodkin Arrow
22:59 Crossbowman
28:21 Bow Saw
28:42 Leather Archer Armor
31:08 Heavy Plow
Lazy Dog
5:07 Loom
9:19 Feudal Age
9:33 Man-at-Arms
16:21 Scale Mail Armor
17:56 Forging
18:41 Double-Bit Axe
18:37 Horse Collar
26:06 Castle Age
26:43 Long Swordsman
Burgoman2
7:38 Loom
10:14 Feudal Age
10:45 Double-Bit Axe
20:32 Castle Age
20:36 Gold Mining
21:08 Scale Barding Armor
22:09 Horse Collar
23:09 Bloodlines
23:15 Forging
24:32 Husbandry
25:51 Elite Skirmisher
28:41 Chain Barding Armor
30:05 Iron Casting
30:52 Bow Saw
30:44 Heavy Plow
Connection lost

Rejoining the realm…

Still unreachable

The connection could not be restored.

Session expired

The server has moved on; the page needs a fresh start.